 Dungeon Crawl Stone Soup version 0.19-a0-450-g98b348d (webtiles) character file.

41 Skanax the Grave Robber (level 3, 0/24 HPs)
             Began as a Demonspawn Necromancer on June 1, 2016.
             Succumbed to an adder's poison
             ... on level 2 of the Dungeon.
             The game lasted 00:04:08 (950 turns).

Skanax the Grave Robber (Demonspawn Necromancer)     Turns: 950, Time: 00:04:09

Health: 0/24       AC:  5    Str:  8    XL:     3   Next: 32%
Magic:  2/6        EV: 12    Int: 17    God:
Gold:   76         SH:  0    Dex: 13    Spells: 2 memorised, 4 levels left

rFire  . . .     SeeInvis .     d - +2 dagger (venom)
rCold  . . .     Gourm    .     a - +0 robe
rNeg   . . .     Faith    .     (no shield)
rPois  .         Spirit   .     (no helmet)
rElec  .         Dismiss  .     (no cloak)
rCorr  .         Reflect  .     (no gloves)
SustAt .         Harm     .     h - +2 pair of boots
MR     .....                    (no amulet)
Stlth  ++........               (no ring)
                                (no ring)

@: lethally poisoned (0 -> -7), not resistant to hostile enchantments,
unstealthy
A: powered by death 1
a: no special abilities


You were on level 2 of the Dungeon.
You were not hungry.

You visited 1 branch of the dungeon, and saw 2 of its levels.

You collected 76 gold pieces.

Inventory:

Hand Weapons
 d - a +2 dagger of venom (weapon)
Missiles
 e - 38 sling bullets
 f - 35 stones
 j - a throwing net (quivered)
Armour
 a - a +0 robe (worn)
 h - a +2 pair of boots (worn)
Books
 b - a book of Necromancy

   Spells                             Type                      Level
   a - Pain                           Necromancy                   1
   b - Animate Skeleton               Necromancy                   1
   c - Vampiric Draining              Necromancy                   3
   d - Regeneration                   Charms/Necromancy            3
   e - Animate Dead                   Necromancy                   4
   f - Control Undead                 Necromancy                   4
Comestibles
 c - a bread ration
 g - 2 chunks of flesh
 i - a meat ration


   Skills:
 + Level 1.9 Dodging
 + Level 1.9 Stealth
 + Level 2.2 Spellcasting
 + Level 5.3 Necromancy


You had 4 spell levels left.
You knew the following spells:

 Your Spells              Type           Power        Failure   Level  Hunger
a - Pain                  Necr           ###.         2%          1    #......
b - Animate Skeleton      Necr           N/A          2%          1    #......


Dungeon Overview and Level Annotations

Branches:
Dungeon (2/15)

Altars:


Innate Abilities, Weirdness & Mutations

You regenerate a little health from kills.


Message History

* * * LOW HITPOINT WARNING * * *
You feel sick.
You barely miss the adder.
The adder is almost dead.
* * * LOW HITPOINT WARNING * * *
You feel sick.
You kill the adder!
* * * LOW HITPOINT WARNING * * *
You feel sick.
* * * LOW HITPOINT WARNING * * *
You feel sick.
You feel a bit more experienced.
You feel sick.
* * * LOW HITPOINT WARNING * * *
You feel sick.
You see here 2 chunks of flesh.
* * * LOW HITPOINT WARNING * * *
You feel sick.
* * * LOW HITPOINT WARNING * * *
You feel sick.
You die...

######.####.####
######.<........ ##
..........#.### .##
#########...#######...
. ###..........# ..
#..........#..###...
#..######...##.#.....
. ###..#....... ##@Z.#
#..## #.... ...###
..... .(..### ......
..###.#


You could see a friendly adder skeleton.

Vanquished Creatures
  2 adders (D:2)
  A dart slug (D:1)
  A bat (D:1)
  3 goblins (D:1)
  2 hobgoblins (D:1)
  2 giant newts (D:1)
  4 kobolds (D:1)
  2 rats (D:1)
  2 fungi (D:1)
19 creatures vanquished.

Vanquished Creatures (collateral kills)
  An ooze (D:2)
  A giant newt (D:1)
2 creatures vanquished.

Grand Total: 21 creatures vanquished

Notes
Turn   | Place    | Note
--------------------------------------------------------------
     0 | D:1      | Skanax the Demonspawn Necromancer began the quest for the Orb.
     0 | D:1      | Reached XP level 1. HP: 13/13 MP: 3/3
   191 | D:1      | Learned a level 1 spell: Animate Skeleton
   236 | D:1      | Gained mutation: You regenerate a little health from kills. [demonic ancestry]
   236 | D:1      | Reached XP level 2. HP: 10/19 MP: 1/5
   512 | D:1      | Reached skill level 5 in Necromancy
   920 | D:2      | Reached XP level 3. HP: 22/24 MP: 2/6
   948 | D:2      | HP: 1/24 [poisoned by an adder]
   950 | D:2      | Succumbed to an adder's poison

Vault maps used:
D:1:      scummos_arrival_checkerplants

Skill      XL: |  1  2 |
---------------+-------+-----
Necromancy     | 5 |  5.3
Dodging        | |  1.9
Stealth        | |  1.9
Spellcasting   | |  2.2

Action                   || total
-------------------------++-------
Melee: Unarmed           ||    17
       Dagger            ||    10
 Cast: Pain              ||    25
       Animate Skeleton  ||     9
  Use: Potion            ||     3
       Scroll            ||     2
  Eat: Chunk             ||     1
Armor: Robe              ||     6
Dodge: Dodged            ||     8
